[ PARTIDA AOE2 · #495883327 ]
UnrankedMapuche vs Chinese
Equipo del jugador · VICT
Equipo rival · DERR
[ ANÁLISIS DE REPETICIÓN · EXTRAÍDO DE LA PARTIDA GRABADA ]
Feudal
9:18
Castillos
19:15
Imperial
37:54
| APM promedio | 26.1 |
| APM pico | 59 |
| eAPM promedio | 17.2 |
| Aldeanos / militares | 108 / 29 |
Foco
⚔️ 37.4% · 🌾 62.6%
Unknown (2550) ×286 · Scorpion ×16 · Trebuchet (Packed) ×8 · Spearman ×3 · Monk ×2
Feudal
8:22
Castillos
19:52
Imperial
39:00
| APM promedio | 59.0 |
| APM pico | 135 |
| eAPM promedio | 22.7 |
| Aldeanos / militares | 217 / 128 |
Foco
⚔️ 32.9% · 🌾 67.1%
Fire Lancer ×53 · Archer ×32 · Cavalry Archer ×29 · Scout Cavalry ×6 · Knight ×5 · Skirmisher ×3
Mapa de la partida
Recursos iniciales + cada clic de construcción. Líneas = muros · curvas = relieve. ◆ oro · ⬟ piedra · ● bayas · ✦ reliquia · ◌ hueco del cierre
Tu base· ✓ Cerrada en 19:15 · 4t muro · sin puerta
Base de nottegente4· Abierta — el rival se encerró
Terreno inicial suavizado · ◌ = hueco del cierre detectado · pasá el cursor para detalles
Inputs por minuto
— EXILE | Obi - - nottegente4
Build order — EXILE | Obi
Primeras 150 de 348 acciones detectadas
| 0:01 | Crear | Villager (Male) |
| 0:02 | Crear | Villager (Male) |
| 0:02 | Crear | Villager (Male) |
| 0:03 | Construir | House |
| 0:05 | Construir | House |
| 0:12 | Crear | Villager (Male) |
| 0:12 | Crear | Villager (Male) |
| 0:12 | Crear | Villager (Male) |
| 1:26 | Crear | Villager (Male) |
| 1:58 | Crear | Villager (Male) |
| 1:58 | Crear | Villager (Male) |
| 2:16 | Crear | Villager (Male) |
| 2:16 | Crear | Villager (Male) |
| 2:16 | Crear | Villager (Male) |
| 2:58 | Crear | Villager (Male) |
| 2:58 | Crear | Villager (Male) |
| 2:59 | Crear | Villager (Male) |
| 3:45 | Crear | Villager (Male) |
| 3:45 | Crear | Villager (Male) |
| 3:45 | Crear | Villager (Male) |
| 4:02 | Construir | House |
| 4:21 | Crear | Villager (Male) |
| 4:59 | Crear | Villager (Male) |
| 5:00 | Crear | Villager (Male) |
| 5:10 | Construir | Settlement |
| 5:20 | Crear | Villager (Male) |
| 5:20 | Crear | Villager (Male) |
| 5:21 | Crear | Villager (Male) |
| 6:33 | Investigar | Loom |
| 6:38 | Construir | Settlement |
| 7:08 | Investigar | Feudal Age |
| 8:11 | Construir | Barracks |
| 8:48 | Crear | Unit 2550 |
| 8:48 | Crear | Unit 2550 |
| 8:48 | Crear | Unit 2550 |
| 8:49 | Crear | Unit 2550 |
| 9:18 | Edad | Edad Feudal |
| 9:20 | Crear | Spearman |
| 9:24 | Crear | Villager (Male) |
| 9:28 | Construir | Farm |
| 9:29 | Construir | Farm |
| 9:31 | Construir | Farm |
| 9:33 | Crear | Villager (Male) |
| 10:03 | Investigar | Horse Collar |
| 10:14 | Crear | Villager (Male) |
| 10:29 | Construir | Palisade Wall |
| 10:33 | Crear | Villager (Male) |
| 10:50 | Construir | House |
| 10:52 | Construir | Palisade Wall |
| 10:54 | Construir | Palisade Wall |
| 11:00 | Crear | Villager (Male) |
| 11:42 | Crear | Villager (Male) |
| 11:49 | Construir | Farm |
| 11:50 | Construir | Farm |
| 11:52 | Construir | Farm |
| 11:57 | Investigar | Double-Bit Axe |
| 11:59 | Crear | Villager (Male) |
| 12:04 | Construir | House |
| 12:06 | Construir | Palisade Wall |
| 12:09 | Crear | Villager (Male) |
| 12:14 | Construir | Farm |
| 12:23 | Crear | Villager (Male) |
| 12:52 | Crear | Villager (Male) |
| 13:01 | Construir | Market |
| 13:22 | Crear | Villager (Male) |
| 13:25 | Construir | Farm |
| 13:25 | Construir | Farm |
| 13:26 | Construir | Farm |
| 13:26 | Construir | Farm |
| 14:10 | Crear | Villager (Male) |
| 14:17 | Construir | Farm |
| 14:30 | Crear | Villager (Male) |
| 14:35 | Construir | Farm |
| 14:44 | Construir | Farm |
| 14:46 | Construir | Farm |
| 14:58 | Crear | Villager (Male) |
| 15:00 | Construir | Farm |
| 15:09 | Construir | House |
| 15:21 | Crear | Villager (Male) |
| 15:36 | Construir | Blacksmith |
| 15:42 | Crear | Villager (Male) |
| 15:49 | Construir | House |
| 16:33 | Construir | Barracks |
| 16:35 | Investigar | Castle Age |
| 16:44 | Crear | Spearman |
| 16:45 | Crear | Spearman |
| 16:56 | Construir | Farm |
| 17:03 | Construir | Farm |
| 17:14 | Investigar | Tech 1402 |
| 17:16 | Investigar | Scale Mail Armor |
| 17:23 | Construir | Farm |
| 17:27 | Construir | Farm |
| 17:35 | Crear | Unit 2550 |
| 17:35 | Crear | Unit 2550 |
| 17:36 | Crear | Unit 2550 |
| 17:36 | Crear | Unit 2550 |
| 17:54 | Construir | Farm |
| 18:05 | Investigar | Forging |
| 18:05 | Investigar | Forging |
| 18:06 | Investigar | Forging |
| 18:21 | Crear | Unit 2550 |
| 18:22 | Crear | Unit 2550 |
| 18:22 | Crear | Unit 2550 |
| 18:34 | Construir | Barracks |
| 19:15 | Edad | Edad de los Castillos |
| 19:16 | Investigar | Tech 1351 |
| 19:16 | Investigar | Tech 1351 |
| 19:19 | Crear | Villager (Male) |
| 19:19 | Crear | Villager (Male) |
| 19:33 | Crear | Unit 2550 |
| 19:34 | Crear | Unit 2550 |
| 19:34 | Crear | Unit 2550 |
| 19:38 | Investigar | Gold Mining |
| 19:39 | Crear | Villager (Male) |
| 19:40 | Crear | Villager (Male) |
| 19:48 | Crear | Unit 2550 |
| 19:48 | Crear | Unit 2550 |
| 19:48 | Crear | Unit 2550 |
| 20:04 | Crear | Unit 2550 ×2 |
| 20:04 | Crear | Unit 2550 ×2 |
| 20:05 | Crear | Unit 2550 ×2 |
| 20:10 | Crear | Villager (Male) |
| 20:13 | Construir | House |
| 21:01 | Crear | Villager (Male) |
| 21:09 | Construir | House |
| 21:12 | Crear | Unit 2550 ×5 |
| 21:12 | Crear | Unit 2550 ×5 |
| 21:35 | Crear | Villager (Male) |
| 21:37 | Construir | Farm |
| 21:44 | Crear | Villager (Male) |
| 21:58 | Construir | Siege Workshop |
| 22:09 | Construir | Farm |
| 22:11 | Crear | Villager (Male) |
| 22:11 | Crear | Villager (Male) |
| 22:23 | Construir | Siege Workshop |
| 22:53 | Construir | Settlement |
| 23:12 | Investigar | Wheelbarrow |
| 23:18 | Investigar | Heavy Plow |
| 23:53 | Investigar | Chain Mail Armor |
| 23:54 | Crear | Villager (Male) |
| 24:04 | Construir | Monastery |
| 24:09 | Crear | Unit 2550 ×3 |
| 24:09 | Crear | Unit 2550 ×3 |
| 24:09 | Crear | Unit 2550 ×3 |
| 24:22 | Crear | Villager (Male) |
| 24:26 | Crear | Scorpion |
| 24:48 | Crear | Monk |
| 24:56 | Crear | Unit 2550 |
| 24:56 | Crear | Unit 2550 |
| 24:58 | Crear | Villager (Male) |
Build order — nottegente4
Primeras 150 de 532 acciones detectadas
| 0:04 | Investigar | Loom |
| 0:47 | Crear | Villager (Male) |
| 1:09 | Crear | Villager (Male) |
| 1:09 | Crear | Villager (Male) |
| 1:27 | Crear | Villager (Male) |
| 1:27 | Crear | Villager (Male) |
| 1:54 | Crear | Villager (Male) |
| 1:54 | Crear | Villager (Male) |
| 2:18 | Crear | Villager (Male) |
| 2:18 | Crear | Villager (Male) |
| 2:44 | Crear | Villager (Male) |
| 2:52 | Construir | Lumber Camp |
| 3:02 | Construir | House |
| 3:06 | Crear | Villager (Male) |
| 3:06 | Crear | Villager (Male) |
| 3:33 | Construir | House |
| 3:38 | Crear | Villager (Male) |
| 3:59 | Crear | Villager (Male) |
| 3:59 | Crear | Villager (Male) |
| 4:21 | Crear | Villager (Male) |
| 4:40 | Crear | Villager (Male) |
| 5:16 | Construir | Mill |
| 6:03 | Investigar | Feudal Age |
| 7:00 | Construir | Barracks |
| 7:16 | Crear | Villager (Male) |
| 7:18 | Crear | Villager (Male) |
| 7:54 | Construir | House |
| 8:22 | Edad | Edad Feudal |
| 8:25 | Construir | Stable |
| 8:40 | Investigar | Double-Bit Axe |
| 8:58 | Crear | Villager (Male) |
| 9:09 | Crear | Scout Cavalry |
| 9:10 | Crear | Scout Cavalry |
| 9:17 | Crear | Villager (Male) |
| 9:20 | Construir | House |
| 9:30 | Investigar | Horse Collar |
| 9:43 | Crear | Villager (Male) |
| 9:48 | Construir | House |
| 9:52 | Construir | Palisade Wall |
| 9:54 | Construir | Palisade Wall |
| 9:55 | Construir | Palisade Wall |
| 9:56 | Construir | Palisade Wall |
| 9:59 | Construir | Palisade Wall |
| 10:13 | Crear | Villager (Male) |
| 10:21 | Crear | Villager (Male) |
| 10:26 | Crear | Scout Cavalry |
| 10:35 | Construir | Archery Range |
| 10:35 | Construir | House |
| 10:47 | Construir | Farm |
| 10:53 | Crear | Villager (Male) |
| 10:59 | Construir | Palisade Gate |
| 11:04 | Crear | Villager (Male) |
| 11:12 | Crear | Villager (Male) |
| 11:16 | Construir | Farm |
| 11:50 | Construir | Mining Camp |
| 11:51 | Crear | Villager (Male) |
| 12:08 | Construir | House |
| 12:10 | Construir | House |
| 12:11 | Crear | Archer |
| 12:23 | Crear | Scout Cavalry |
| 12:38 | Crear | Villager (Male) |
| 12:48 | Crear | Villager (Male) |
| 12:53 | Construir | Blacksmith |
| 13:06 | Crear | Villager (Male) |
| 13:14 | Construir | House |
| 13:15 | Construir | House |
| 13:22 | Crear | Villager (Male) |
| 13:46 | Construir | Lumber Camp |
| 14:03 | Investigar | Fletching |
| 14:07 | Crear | Villager (Male) |
| 14:11 | Construir | Farm |
| 14:14 | Construir | Farm |
| 14:18 | Construir | House |
| 14:30 | Crear | Villager (Male) |
| 14:40 | Crear | Villager (Male) |
| 14:44 | Crear | Archer |
| 14:44 | Crear | Archer |
| 15:00 | Crear | Villager (Male) |
| 15:17 | Crear | Archer |
| 15:38 | Construir | Market |
| 15:44 | Construir | Farm |
| 15:46 | Construir | Farm |
| 15:50 | Construir | Farm |
| 15:52 | Crear | Archer |
| 15:56 | Crear | Villager (Male) |
| 16:18 | Construir | Farm |
| 16:57 | Construir | Farm |
| 17:12 | Investigar | Castle Age |
| 17:12 | Investigar | Castle Age |
| 17:19 | Construir | Archery Range |
| 17:24 | Crear | Archer |
| 17:24 | Crear | Archer |
| 17:24 | Crear | Archer |
| 17:30 | Construir | Farm |
| 17:31 | Construir | Farm |
| 17:44 | Crear | Villager (Male) |
| 18:04 | Crear | Archer |
| 18:12 | Construir | House |
| 18:13 | Construir | House |
| 18:24 | Crear | Archer |
| 18:24 | Crear | Archer |
| 18:41 | Crear | Archer |
| 19:11 | Crear | Archer |
| 19:11 | Crear | Archer |
| 19:18 | Construir | Stable |
| 19:20 | Investigar | Gold Mining |
| 19:34 | Crear | Villager (Male) |
| 19:50 | Crear | Villager (Male) |
| 19:52 | Edad | Edad de los Castillos |
| 19:56 | Investigar | Crossbowman (upgrade) |
| 20:05 | Construir | Town Center |
| 20:21 | Crear | Villager (Male) |
| 20:35 | Construir | House |
| 20:40 | Construir | Palisade Wall |
| 20:44 | Construir | Palisade Wall |
| 20:48 | Construir | Palisade Gate |
| 20:52 | Construir | Palisade Wall |
| 20:57 | Crear | Villager (Male) |
| 21:13 | Crear | Archer |
| 21:13 | Crear | Archer |
| 21:15 | Investigar | Bodkin Arrow |
| 21:16 | Investigar | Padded Archer Armor |
| 21:25 | Crear | Villager (Male) |
| 21:29 | Crear | Archer |
| 21:30 | Crear | Archer |
| 21:44 | Crear | Villager (Male) |
| 21:44 | Crear | Villager (Male) |
| 22:08 | Crear | Knight |
| 22:30 | Crear | Villager (Male) |
| 22:30 | Crear | Villager (Male) |
| 22:31 | Crear | Villager (Male) |
| 22:37 | Crear | Villager (Male) |
| 22:49 | Crear | Cavalry Archer |
| 22:49 | Crear | Cavalry Archer |
| 22:49 | Crear | Cavalry Archer |
| 22:50 | Crear | Cavalry Archer |
| 22:50 | Crear | Cavalry Archer |
| 22:59 | Construir | Farm |
| 22:59 | Construir | Farm |
| 22:59 | Construir | Farm |
| 22:59 | Construir | Farm |
| 22:59 | Construir | Farm |
| 23:07 | Crear | Villager (Male) |
| 23:07 | Crear | Villager (Male) |
| 23:35 | Construir | Farm |
| 23:35 | Construir | Farm |
| 23:38 | Crear | Villager (Male) |
| 23:42 | Crear | Villager (Male) |
| 24:03 | Crear | Skirmisher |
| 24:03 | Crear | Skirmisher |
Cronología de la partida
| 7:00 | nottegente4 · first_building Barracks |
| 8:11 | EXILE | Obi · first_building Barracks |
| 8:22 | nottegente4 · age_up feudal |
| 8:25 | nottegente4 · first_building Stable |
| 9:18 | EXILE | Obi · age_up feudal |
| 9:52 | nottegente4 · wall_segment Palisade Wall x3 |
| 9:54 | nottegente4 · wall_segment Palisade Wall x2 |
| 9:55 | nottegente4 · wall_segment Palisade Wall x1 |
| 9:56 | nottegente4 · wall_segment Palisade Wall x1 |
| 9:59 | nottegente4 · wall_segment Palisade Wall x4 |
| 10:29 | EXILE | Obi · wall_segment Palisade Wall x1 |
| 10:35 | nottegente4 · first_building Archery Range |
| 10:52 | EXILE | Obi · wall_segment Palisade Wall x1 |
| 10:54 | EXILE | Obi · wall_segment Palisade Wall x1 |
| 12:06 | EXILE | Obi · wall_segment Palisade Wall x1 |
| 13:48 | EXILE | Obi · first_market_buy 500 food |
| 13:55 | EXILE | Obi · first_market_sell 500 stone |
| 19:15 | EXILE | Obi · age_up castle |
| 19:52 | nottegente4 · age_up castle |
| 20:40 | nottegente4 · wall_segment Palisade Wall x1 |
| 20:44 | nottegente4 · wall_segment Palisade Wall x1 |
| 20:52 | nottegente4 · wall_segment Palisade Wall x1 |
| 21:58 | EXILE | Obi · first_building Siege Workshop |
| 22:03 | nottegente4 · first_market_sell 100 wood |
| 22:06 | nottegente4 · first_market_buy 100 food |
| 24:04 | EXILE | Obi · first_building Monastery |
| 34:58 | nottegente4 · first_building Monastery |
| 36:05 | nottegente4 · first_building Castle |
| 37:54 | EXILE | Obi · age_up imperial |
| 38:50 | EXILE | Obi · first_building Castle |
| 39:00 | nottegente4 · age_up imperial |
| 40:49 | nottegente4 · wall_segment Stone Wall x1 |
| 43:29 | nottegente4 · wall_segment Stone Wall x1 |
| 43:36 | nottegente4 · wall_segment Stone Wall x1 |
| 48:18 | nottegente4 · resign |
[ ANÁLISIS IA · 1 CRÉDITO ]
¿Qué pasó realmente en esta partida?
Wolo.gg analiza cada decisión: build order, eco, micro, errores típicos por bracket. Análisis personalizado por WhatsApp o Discord en 30 segundos.
Guía civ
Mapuche
Perfil
EXILE | Obi